 Dungeon Crawl Stone Soup version 0.30-a0-1163-gf69bf04e7a (webtiles) character file.

Game seed: 6976106625388001860

51 dracolyn the Stinger (level 3, -2/26 HPs)
             Began as a Draconian Venom Mage on Apr 29, 2023.
             Slain by a sleepcap (6 damage)
             ... on level 6 of the Dungeon.
             The game lasted 00:11:33 (1291 turns).

dracolyn the Stinger (Draconian Venom Mage)         Turns: 1291, Time: 00:11:33

Health: -2/26      AC:  9    Str: 10    XL:     3   Next: 58%
Magic:  6/6        EV: 12    Int: 17    God:
Gold:   98         SH:  0    Dex: 11    Spells: 5/6 levels left

rFire   . . .        c - +1 short sword (protect)
rCold   . . .        (no shield)
rNeg    . . .        (body armour unavailable)
rPois   .            (helmet restricted)
rElec   .            (no cloak)
rCorr   .            (no gloves)
SInv    .            (no boots)
Will    .....        g - amulet of magic regeneration
Stlth   ++           o - +4 ring of protection
HPRegen 0.24/turn    (no ring)
MPRegen 0.50/turn

%: no passive effects
@: no status effects
A: AC +5, unfitting armour, cold-blooded
a: no special abilities


You were on level 6 of the Dungeon.
You visited 1 branch of the dungeon, and saw 5 of its levels.

You collected 98 gold pieces.

Inventory:

Hand Weapons
 c - a +1 short sword of protection (weapon)
Missiles
 j - 3 javelins
 r - 3 curare-tipped darts (quivered)
Armour
 b - a +0 ring mail
 d - a +0 pair of gloves
Jewellery
 g - an amulet of magic regeneration (around neck)
 h - a ring of fire
 o - a +4 ring of protection (left hand)
Scrolls
 e - a scroll of teleportation
 l - a scroll of summoning {unknown}
 m - a scroll of enchant armour {unknown}
 s - 2 scrolls of identify {unknown}
Potions
 a - 2 potions of magic
 f - 2 potions of degeneration {unknown}
 i - 2 potions of heal wounds {unknown}
 k - 2 potions of berserk rage {unknown}
 n - a potion of curing {unknown}
 q - a potion of lignification {unknown}


   Skills:
 + Level 0.6 Short Blades
 + Level 2.5 Dodging
 + Level 1.8 Stealth
 + Level 2.3 Spellcasting
 + Level 1.1 Transmutations
 + Level 3.6 Poison Magic


You had 5 spell levels left.
You knew the following spells:

 Your Spells              Type           Power      Damage    Failure   Level
a - Sting                 Tmut/Pois      40%        1d5       7%          1

Your spell library contained the following spells:

 Spells                   Type           Power      Damage    Failure   Level
 Beastly Appendage        Tmut           10%        N/A       12%         1
 Poisonous Vapours        Pois/Air       16%        N/A       14%         2
 Wereblood                Tmut           5%         N/A       19%         2
 Spider Form              Tmut/Pois      10%        N/A       22%         3
 Mephitic Cloud           Conj/Pois/Air  6%         N/A       34%         3
 Olgreb's Toxic Radiance  Pois           14%        N/A       38%         4


Dungeon Overview and Level Annotations

Branches:
Dungeon (4/15)
 Temple: D:4-7

Altars:
Makhleb
Xom

Annotations:
D:3 Grinder


Innate Abilities, Weirdness & Mutations

Your plain brown scales are hard. (AC +5)
You cannot fit into any form of body armour.
You are cold-blooded and may be slowed by cold attacks.


Message History

You hit the sleepcap.
The sleepcap is lightly damaged.
The sleepcap releases spores at you but does no damage.
You hit the sleepcap.
The sleepcap is moderately damaged.
You start to feel less resistant.
The sleepcap closely misses you.
You completely miss the sleepcap.
The sleepcap is moderately damaged.
The sleepcap barely misses you.
You hit the sleepcap but do no damage.
The sleepcap is moderately damaged.
The sleepcap barely misses you.
You hit the sleepcap.
The sleepcap is heavily damaged.
The sleepcap closely misses you.
You hit the sleepcap.
The sleepcap is heavily damaged.
The sleepcap releases spores at you.
You are engulfed in a cloud of soporific spores!
You fall asleep.
Your resistance to elements expires.
The sleepcap releases spores at you but does no damage.
The sleepcap releases spores at you!
You wake up.
* * * LOW HITPOINT WARNING * * *
You are engulfed in a cloud of soporific spores!
You are unaffected.
You hit the sleepcap.
The sleepcap is heavily damaged.
The sleepcap barely misses you. The sleepcap attacks as you move away!
The sleepcap releases spores at you but does no damage.
Throw: 4 darts (curare)
Press: ? - help, Q - select action, (/) - cycle Shift-Dir - straight line, f/p - sleepcap
Aim: a sleepcap (heavily damaged, 98% to hit)
You throw a curare-tipped dart.
The curare-tipped dart hits the sleepcap.
The sleepcap is heavily damaged.
The sleepcap releases spores at you.
You die...

#..... ......
..$.. #>... ##
###.#..########...
#.................
#...............
#......f@.#
##........# .
#........# ..#..#
#.###.##### .....
# #.....##..#..
#.###.<...... ...#
#.##..#.# ##$.#
#.# ..#
#..###.##..#


You could see a sleepcap.

Vanquished Creatures
  A dart slug (D:3)
  3 orcs (D:3)
  6 bats
  4 endoplasms
  3 giant cockroaches
  4 goblins
  4 hobgoblins
  2 jackals (D:2)
  5 kobolds
  A quokka (D:2)
  2 ball pythons
  2 frilled lizards (D:3)
  5 rats
42 creatures vanquished.

Notes
Turn   | Place    | Note
-------+----------+-------------------------------------------
     0 | D:1      | dracolyn the Draconian Venom Mage began the quest for the
                  | Orb.
     0 | D:1      | Reached XP level 1. HP: 14/14 MP: 3/3
   176 | D:1      | Reached XP level 2. HP: 20/20 MP: 5/5
   570 | D:2      | Reached XP level 3. HP: 26/26 MP: 6/6
   812 | D:3      | Found a shimmering altar of Xom.
   815 | D:3      | Found a shimmering altar of Xom.
   817 | D:3      | Found a shimmering altar of Xom.
   818 | D:3      | Found a shimmering altar of Xom.
   818 | D:3      | Found a shimmering altar of Xom.
  1093 | D:3      | Noticed Grinder
  1094 | D:3      | Paralysed by Grinder for 5 turns
  1105 | D:3      | Found a burning altar of Makhleb.
  1257 | D:3      | You fall into a shaft and drop 3 floors!
  1291 | D:6      | Slain by a sleepcap

Illustrated notes

Levels and vault maps discovered:
D:1:      minmay_arrival_nine_rooms, layout_basic, serial_bayou_pond_d,
          corexii_corridor_pit
D:2:      layout_rooms
D:3:      layout_loops_corners, mainiacjoe_overflow_boulevard,
          mainiacjoe_overflow_concentric_impassable, xom_redecorated,
          uniq_grinder
D:4:      layout_basic
D:6:      layout_loops_ring, vehumet_statue,
          nicolae_wu_jian_immortal_techniques, general_overflow_altar,
          nicolae_ru_path_of_blood, gammafunk_ghost_hive

Skill      XL: |  1  2 |
---------------+-------+-----
Dodging        | 2 |  2.5
Short Blades   | |  0.6
Stealth        | |  1.8
Spellcasting   | |  2.3
Transmutations | |  1.1
Poison Magic   | |  3.6

Action                     || total
---------------------------++-------
  Melee: Short sword       ||   132
         Tailslap          ||    18
         Unarmed           ||     2
         Punch             ||     1
  Throw: Dart              ||     2
   Cast: Sting             ||    25
    Use: Scroll            ||     1
         Potion            ||     1
 Armour: Skin              ||    79
  Dodge: Dodged            ||   144

Table legend: (Time is in decaauts)
 A = Elapsed time spent in this place.
 B = Non-inter-level travel time spent in this place.
 C = Inter-level travel time spent in this place.
 D = Time resting spent in this place.
 E = Time spent auto-exploring this place.
 F = Levels seen in this place.
 G = Mean time per level.
                   A        B        C        D        E       F      G
               +--------+--------+--------+--------+--------+-----+--------+
         Total |   1297 |   1297 |      0 |     16 |    193 |   5 |  259.4 |
       Dungeon |   1297 |   1297 |      0 |     16 |    193 |   5 |  259.4 |
               +--------+--------+--------+--------+--------+-----+--------+

Top non-repeatable levels by time:
     D:3: 464 daAuts
     D:2: 460 daAuts
     D:1: 330 daAuts
     D:6: 33 daAuts
     D:4: 7 daAuts
